 Dungeon Crawl Stone Soup version 0.20.0-8-g6b59dc7 (webtiles) character file.

381 Kisielow the Slasher (level 6, -16/53 HPs)
             Began as a Minotaur Fighter on May 30, 2017.
             Demolished by a two-headed ogre
             ... wielding a +0 giant club
              (23 damage)
             ... on level 3 of the Dungeon.
             The game lasted 00:03:31 (2681 turns).

Kisielow the Slasher (Minotaur Fighter)             Turns: 2681, Time: 00:03:31

Health: -16/53     AC: 12    Str: 22    XL:     6   Next: 46%
Magic:  5/5        EV:  4    Int:  5    God:
Gold:   181        SH: 10    Dex: 10    Spells: 5/5 levels left

rFire    . . .     SeeInvis .   a - +0 long sword
rCold    . . .     Gourm    .   c - +0 shield
rNeg     . . .     Faith    .   l - +0 plate armour
rPois    .         Spirit   .   (helmet restricted)
rElec    .         Reflect  .   (no cloak)
rCorr    .         Harm     .   (no gloves)
MR       .....     Rnd*Rage +   (no boots)
Stlth    ..........             (no amulet)
Regen    0.2/turn               (no ring)
MPRegen  0.1/turn               (no ring)

@: no status effects
A: retaliatory headbutt, horns 2, berserk 1, high mp 1, evolution 1
a: no special abilities


You were on level 3 of the Dungeon.
You were not hungry.

You visited 1 branch of the dungeon, and saw 4 of its levels.

You collected 181 gold pieces.

Inventory:

Hand Weapons
 a - a +0 long sword (weapon)
Armour
 c - a +0 shield (worn)
 l - a +0 plate armour (worn)
Jewellery
 m - a cursed -3 ring of slaying {unknown}
Scrolls
 e - 2 scrolls of teleportation
 h - a scroll of amnesia
 i - 3 scrolls of recharging {unknown}
 k - 3 scrolls of remove curse
 n - a scroll of fear {unknown}
Potions
 d - a potion of might
 j - 3 potions of curing
 p - 2 potions of ambrosia
 q - a potion of resistance {unknown}
Comestibles
 b - a meat ration
 f - 3 bread rations
 g - a royal jelly
 o - 2 chunks of flesh


   Skills:
 + Level 4.6 Fighting
 * Level 6.6 Long Blades
 + Level 4.7 Armour
 + Level 4.6 Shields


You had 5 spell levels left.
You didn't know any spells.

Dungeon Overview and Level Annotations

Branches:
Dungeon (4/15)
 Temple: D:4-7

Altars:
Ashenzari
Gozag
Kikubaaqudgha


Innate Abilities, Weirdness & Mutations

You reflexively headbutt those who attack you in melee.
You have a pair of horns on your head.
You tend to lose your temper in combat.
You have an increased reservoir of magic. (+10% MP)
You evolve.


Message History

You slash the orc!
You kill the orc!
No target in view!
You climb downwards.
You hear the sound of rushing water.
There is an entrance to a sewer on this level.
Hurry and find it before the portal rusts away!
You block the adder skeleton's attack.
The two-headed ogre hits you with a giant club!!
The two-headed ogre hits you with a giant club!
There is a stone staircase leading up, spattered with blood here.
The adder skeleton bites you but does no damage.
The two-headed ogre hits you with a giant club!
* * * LOW HITPOINT WARNING * * *
The two-headed ogre hits you with a giant club.
* * * LOW HITPOINT WARNING * * *
You climb upwards.
There is a stone staircase leading down here.
Your shield and plate armour prevent you from hitting the two-headed ogre.
The two-headed ogre hits you with a giant club!!
You die...

#.############.# #.# #.#
#.# #.#
########.############.#
......................#
.#######.##################
....).....................#
......##.################.#
...............O@##.....#.#
...#.#.#.###.#.####...#.#)#
##.#.#...#.#.#'######.#.#.#
.#.#.#...#..............#.#
.#.#.#...#.#.....####.###.#
.#.#.#...#.#............#.#
.#.#.#.#.#.#.#'#.####.#.#.#
.#.#.###.###.#.#.# #.#.#.#
.#..##.###.#####.# #.#.#.#


You could see a two-headed ogre.

Vanquished Creatures
  Grinder (D:3)
  The ghost of JarielCorvus the Magician, an amateur DEWz of Vehumet (D:3)
  A gnoll (D:1)
  3 adders
  An ooze (D:2)
  3 worms (D:3)
  3 dart slugs
  2 leopard geckos (D:1)
  2 orcs (D:3)
  7 bats
  7 goblins
  6 hobgoblins
  2 jackals (D:1)
  2 frilled lizards (D:2)
  9 kobolds
  8 rats
58 creatures vanquished.

Notes
Turn   | Place    | Note
-------+----------+-------------------------------------------
     0 | D:1      | Kisielow the Minotaur Fighter began the quest for the Orb.
     0 | D:1      | Reached XP level 1. HP: 19/19 MP: 0/0
    78 | D:1      | Reached skill level 3 in Long Blades
   125 | D:1      | Reached XP level 2. HP: 26/26 MP: 1/1
   324 | D:1      | Reached skill level 4 in Long Blades
   324 | D:1      | Reached XP level 3. HP: 30/31 MP: 2/2
   868 | D:2      | Reached skill level 5 in Long Blades
   978 | D:2      | Reached XP level 4. HP: 20/39 MP: 3/3
  1301 | D:2      | Found an ancient bone altar of Kikubaaqudgha.
  1473 | D:3      | Noticed Grinder
  1494 | D:3      | Paralysed by Grinder for 7 turns
  1513 | D:3      | Killed Grinder
  1513 | D:3      | Reached skill level 6 in Long Blades
  1513 | D:3      | Reached XP level 5. HP: 28/47 MP: 4/4
  1513 | D:3      | Reached XP level 6. HP: 32/53 MP: 5/5
  1824 | D:3      | Gained mutation: You have an increased reservoir of magic. (+10% MP) [potion of mutation]
  1824 | D:3      | Gained mutation: You occasionally shout uncontrollably at your foes. [potion of mutation]
  1824 | D:3      | Gained mutation: You tend to lose your temper in combat. [potion of mutation]
  1824 | D:3      | Gained mutation: You evolve. [potion of mutation]
  1825 | D:3      | Lost mutation: You occasionally shout uncontrollably at your foes. [potion of mutation]
  1901 | D:3      | Found a faded altar of an unknown god.
  1936 | D:3      | Noticed JarielCorvus's ghost (amateur DEWz)
  1951 | D:3      | Killed JarielCorvus's ghost
  2235 | D:3      | Found a shattered altar of Ashenzari.
  2368 | D:3      | Found an opulent altar of Gozag.
  2672 | D:4      | Noticed a two-headed ogre
  2681 | D:3      | Demolished by a two-headed ogre

Skill      XL: |  1  2  3  4 |
---------------+-------------+-----
Long Blades    | 3 4 5 6 |  6.6
Fighting       | 4 |  4.6
Armour         | 4 |  4.7
Shields        | 4 |  4.6

Action                   |  1- 3 |  4- 6 || total
-------------------------+-------+-------++-------
Melee: Long sword        |    87 |    86 ||   173
       Headbutt          |    11 |    11 ||    22
  Use: Scroll            |       |     7 ||     7
       Potion            |       |     2 ||     2
  Eat: Chunk             |       |     6 ||     6
Armor: Scale mail        |    39 |       ||    39
       Plate armour      |     4 |    51 ||    55
Dodge: Dodged            |    22 |    13 ||    35
Block: Shield            |    46 |    48 ||    94
       Rpst.: Long sword |     9 |     2 ||    11
